 Dungeon Crawl Stone Soup version 0.18.1-5-g4a78601 (webtiles) character file.

3584 M4edhros the Covert (level 10, -4/65 HPs)
             Began as an Octopode Artificer on May 10, 2016.
             Was an Initiate of Gozag.
             Slain by a wyvern (16 damage)
             ... on level 7 of the Dungeon.
             The game lasted 00:21:27 (10415 turns).

M4edhros the Covert (Octopode Artificer)           Turns: 10415, Time: 00:21:27

Health: -4/65      AC:  1    Str: 10    XL:     10   Next: 10%
Magic:  12/12      EV: 13    Int: 14    God:    Gozag
Gold:   971        SH:  9    Dex: 17    Spells: 0 memorised, 9 levels left

rFire  . . .     SeeInvis .     p - +1 hunting sling
rCold  . . .     Gourm    .     E - +0 shield
rNeg   . . .     Faith    .     (helmet restricted)
rPois  .         Spirit   .     (no amulet)
rElec  .         Dismiss  .     j - ring of flight
rCorr  .         Reflect  .     (no ring)
SustAt .         Harm     .     (no ring)
MR     .....                    (no ring)
Stlth  ++++++....               (no ring)
                                (no ring)
                                (no ring)
                                (no ring)

@: gold aura, not resistant to hostile enchantments, very stealthy
A: almost no armour, amphibious, 8 rings, constrict 8, camouflage 1, gelatinous
body 1
a: Potion Petition, Call Merchant, Bribe Branch, Renounce Religion, Evoke Flight


You were on level 7 of the Dungeon.
You worshipped Gozag.
Gozag was noncommittal.
You were very hungry.

You visited 1 branch of the dungeon, and saw 7 of its levels.
You also visited: Ossuary.

You collected 1650 gold pieces.
You paid 679 gold pieces to Gozag.

Inventory:

Hand Weapons
 a - a +0 short sword
 p - a +1 hunting sling (weapon)
 s - a +0 short sword of holy wrath
Missiles
 k - 100 sling bullets (quivered)
 q - 147 stones
 M - 5 curare-tipped needles
Armour
 E - a +0 shield (worn)
Jewellery
 j - a ring of flight (left tentacle)
Wands
 b - a wand of flame (0/48)
 c - a wand of enslavement (0/24)
 d - a wand of random effects (9/48)
 i - a wand of digging (11/24)
 l - a wand of flame (10/48)
 n - a wand of random effects (11/48)
 x - a wand of flame (5/48)
 C - a wand of iceblast (0/15)
Scrolls
 e - a scroll of amnesia {unknown}
 g - 3 scrolls of blinking
 o - 8 scrolls of teleportation
 t - 4 scrolls of remove curse
 v - a scroll of recharging
 w - a scroll of magic mapping
 y - 2 scrolls of random uselessness {unknown}
 A - a scroll of fear {unknown}
 B - 3 scrolls of identify {unknown}
 D - a scroll of noise {unknown}
 J - a scroll of fog {unknown}
 L - a scroll of enchant armour {unknown}
Potions
 m - a potion of cancellation
 z - 2 potions of haste
 F - 2 potions of brilliance
 G - 3 potions of heal wounds {unknown}
 H - a potion of berserk rage {unknown}
 O - a potion of might
Books
 f - a book of Dreams

   Spells                             Type                      Level
   a - Ensorcelled Hibernation        Hexes/Ice                    2
   b - Silence                        Hexes/Air                    5
   c - Darkness                       Hexes                        6
   d - Shadow Creatures               Summoning                    6
Comestibles
 h - 6 meat rations
 r - a beef jerky
 N - 2 fruits


   Skills:
 + Level 4.7 Fighting
 - Level 1.0 Short Blades
 * Level 8.9 Slings
 + Level 4.8 Dodging
 + Level 10.7 Stealth
 + Level 4.2 Shields
 - Level 3.2 Evocations


You had 9 spell levels left.
You didn't know any spells.

Dungeon Overview and Level Annotations

Branches:
Dungeon (7/15)             Temple (0/1) D:4

Altars:
Dithmenos
Elyvilon
Gozag
Kikubaaqudgha
Makhleb
Okawaru
Pakellas
Qazlal
Ru
Sif Muna
Trog
Xom
Yredelemnul
Zin
The Shining One

Shops:
D:3 *   D:5 (   D:7 }[[


Innate Abilities, Weirdness & Mutations

You cannot wear most types of armour.
You are amphibious.
You can wear up to eight rings at the same time.
You can use your tentacles to constrict eight enemies at once.
Your skin changes colour to match your surroundings (Stealth).
Your rubbery body absorbs attacks (AC +1).


Message History

The wyvern bites you!
* * * LOW HITPOINT WARNING * * *
Evoke which item? (* to show all) (? for menu, Esc to quit)
Zapping:
x - a wand of flame {zapped: 3} (will waste charges)
Press: ? - help, Shift-Dir - straight line, f/p - wyvern
Aim: a wyvern (almost dead)
The puff of flame hits the wyvern.
The wyvern appears unharmed.
The wyvern is almost dead.
Evoking this partially-identified wand wasted a few charges.
You block the wyvern's attack. The wyvern closely misses you.
Evoke which item? (* to show all) (? for menu, Esc to quit)
Zapping:
x - a wand of flame {zapped: 6} (will waste charges)
Press: ? - help, Shift-Dir - straight line, f/p - wyvern
Aim: a wyvern (almost dead)
The puff of flame hits the wyvern.
The wyvern is almost dead.
Evoking this partially-identified wand wasted a few charges.
The wyvern bites you!
You die...
Your body crumbles into a pile of gold.

##### #.# #..# #[# ##.##
#.# #..# #.# ##.. #[# #..
#.# #.. . #.# #..
....#######.# #..
(.<(.$l@....# ##.
....(###.#### #. ##...#
#..##### ## ...#
#......####### #
...###............# #
+...'...._.......#.# # ###
##...###..........#.#
...#......<..........#.##
#.#.#.#######.#..........#


You could see a wyvern.

Vanquished Creatures
  2 orc warriors
  A two-headed ogre (D:6)
  A wyvern (D:7)
  A hippogriff (D:7)
  A water moccasin (D:7)
  2 sky beasts (D:7)
  An ice beast (D:7)
  2 ogres
  A centaur (D:5)
  4 giant frogs
  A water moccasin zombie (Ossuary)
  4 scorpions
  4 killer bees (D:7)
  5 wights
  A howler monkey (D:5)
  3 crimson imps
  4 giant frog zombies
  2 hounds
  A jelly (D:5)
  2 giant frog skeletons
  A gnoll shaman (D:7)
  2 orc priests (D:7)
  4 orc wizards
  Jessica (D:2)
  A centaur skeleton (D:7)
  3 worker ants
  3 big kobold zombies (Ossuary)
  2 mummies (Ossuary)
  Robin (D:3)
  9 gnolls
  13 adders
  2 shadow imps
  6 adder zombies
  2 adder skeletons (D:4)
  A worm (D:3)
  A dart slug (D:2)
  A giant gecko (D:5)
  21 orcs
  4 bats
  2 giant cockroaches
  2 gnoll zombies (Ossuary)
  18 goblins
  9 hobgoblins
  14 jackals
  6 kobolds
  3 quokkas
  8 giant newts
  A goblin skeleton (D:5)
  2 goblin zombies (D:5)
  6 hobgoblin zombies
  5 kobold zombies
  2 orc skeletons (D:5)
  4 orc zombies
  8 rats
  A spectral orc (D:2)
212 creatures vanquished.

Vanquished Creatures (collateral kills)
  An orc warrior (D:5)
  A wight (D:5)
  2 gnolls (D:2)
  2 orcs (D:7)
6 creatures vanquished.

Vanquished Creatures (others)
  An orc warrior (D:5)
  A wight (D:5)
2 creatures vanquished.

Grand Total: 220 creatures vanquished

Notes
Turn   | Place    | Note
--------------------------------------------------------------
     0 | D:1      | M4edhros the Octopode Artificer began the quest for the Orb.
     0 | D:1      | Reached XP level 1. HP: 13/13 MP: 3/3
    79 | D:1      | Reached skill level 2 in Stealth
   452 | D:1      | Reached XP level 2. HP: 18/18 MP: 4/4
   507 | D:1      | Reached skill level 3 in Stealth
   827 | D:2      | Found a basalt altar of Yredelemnul.
   979 | D:2      | Found an ancient bone altar of Kikubaaqudgha.
   979 | D:2      | Found an opulent altar of Gozag.
  1001 | D:2      | Became a worshipper of Gozag Ym Sagoz the Greedy
  1044 | D:2      | Reached skill level 4 in Stealth
  1044 | D:2      | Reached XP level 3. HP: 13/23 MP: 5/5
  1287 | D:2      | Found an iron altar of Okawaru.
  1301 | D:2      | Reached skill level 5 in Stealth
  1305 | D:2      | Noticed Jessica
  1306 | D:2      | Killed Jessica
  1306 | D:2      | Reached XP level 4. HP: 21/28 MP: 6/6
  1534 | D:2      | Found an oddly glowing altar of Pakellas.
  1813 | D:2      | Reached skill level 1 in Slings
  2342 | D:3      | Reached skill level 6 in Stealth
  2342 | D:3      | Reached XP level 5. HP: 20/33 MP: 7/7
  2398 | D:3      | Found Gozag's Platinum Reserve.
  2400 | D:3      | Found an opulent altar of Gozag.
  2441 | D:3      | Found a shimmering altar of Xom.
  2694 | D:3      | Noticed Robin
  2759 | D:3      | Killed Robin
  3332 | D:4      | Reached XP level 6. HP: 28/38 MP: 8/8
  3536 | D:4      | Found a bloodstained altar of Trog.
  3540 | D:4      | Found a glowing silver altar of Zin.
  3541 | D:4      | Found a stormy altar of Qazlal.
  3887 | D:4      | Reached skill level 7 in Stealth
  4207 | D:4      | Found a staircase to the Ecumenical Temple.
  4789 | D:5      | Entered Level 5 of the Dungeon
  4793 | D:5      | Noticed an orc warrior
  4805 | D:5      | Noticed an orc warrior
  4810 | D:5      | Killed an orc warrior
  4815 | D:5      | Reached XP level 7. HP: 43/43 MP: 9/9
  4817 | D:5      | Noticed an orc warrior
  4832 | D:5      | Killed an orc warrior
  4832 | D:5      | Reached skill level 5 in Slings
  4832 | D:5      | Reached skill level 8 in Stealth
  4912 | D:5      | Found a burning altar of Makhleb.
  4959 | D:5      | Found Soxaek's Antique Weapon Shoppe.
  4977 | D:5      | Found a sand-covered staircase.
  5094 | Ossuary  | Entered an ossuary
  5425 | Ossuary  | Reached XP level 8. HP: 25/48 MP: 10/10
  5752 | D:5      | Found a glowing golden altar of the Shining One.
  5813 | D:5      | Reached skill level 1 in Shields
  6557 | D:5      | Found a shadowy altar of Dithmenos.
  6560 | D:5      | Found a sacrificial altar of Ru.
  6563 | D:5      | Found a deep blue altar of Sif Muna.
  6912 | D:5      | Reached skill level 9 in Stealth
  7190 | D:6      | Noticed a two-headed ogre
  7204 | D:6      | Killed a two-headed ogre
  7344 | D:6      | Reached XP level 9. HP: 55/55 MP: 11/11
  7552 | D:6      | Found a white marble altar of Elyvilon.
  8356 | D:7      | Found a basalt altar of Yredelemnul.
  8368 | D:7      | Found Ynudd's Gadget Shop.
  8713 | D:7      | Reached skill level 10 in Stealth
  9231 | D:7      | Found Virgh's Armour Boutique.
 10022 | D:7      | Reached XP level 10. HP: 35/65 MP: 12/12
 10415 | D:7      | Slain by a wyvern

Skill      XL: |  1  2  3  4  5  6  7  8  9 |
---------------+----------------------------+-----
Stealth        | 2 4 5 6 7 8 9 10 | 10.7
Slings         | 1 3 4 6 7 8 |  8.9
Shields        | 2 4 |  4.2
Fighting       | 2 4 |  4.7
Dodging        | 3 4 |  4.8
Short Blades   | |  1.0
Evocations     | |  3.2

Action                   |  1- 3 |  4- 6 |  7- 9 | 10-12 || total
-------------------------+-------+-------+-------+-------++-------
Melee: Short sword       |    21 |    95 |   249 |       ||   365
       Constrict         |     3 |    26 |    55 |       ||    84
       Tentacles         |     3 |    19 |    49 |       ||    71
       Unarmed           |     1 |       |     9 |       ||    10
 Fire: Hunting sling     |    23 |   127 |    73 |    39 ||   262
Invok: Call Merchant     |       |       |     1 |       ||     1
Evoke: Wand              |     4 |     9 |    42 |     7 ||    62
  Use: Potion            |     3 |     2 |     5 |       ||    10
       Scroll            |       |     8 |     3 |       ||    11
 Stab: Sleeping          |     4 |     8 |    24 |       ||    36
       Distracted        |       |       |     2 |       ||     2
       Paralysed         |       |       |     2 |       ||     2
  Eat: Bread ration      |       |     3 |     2 |       ||     5
       Pizza             |       |       |     1 |       ||     1
       Meat ration       |       |       |     1 |       ||     1
Armor: Skin              |     1 |    11 |    19 |       ||    31
Dodge: Dodged            |    14 |    80 |   111 |    12 ||   217
Block: Shield            |       |       |    96 |    11 ||   107
